 Dungeon Crawl Stone Soup version 0.21.1-1-g345015fe64 (webtiles) character file.

8911 Gargoyl the Cleaver (level 11, -7/92 HPs)
             Began as a Centaur Abyssal Knight on Feb 22, 2018.
             Was a Priest of Lugonu.
             Succumbed to a kobold's poison
             ... on level 10 of the Dungeon.
             The game lasted 00:24:27 (15777 turns).

Gargoyl the Cleaver (Centaur Abyssal Knight)       Turns: 15777, Time: 00:24:28

Health: -7/92      AC: 19    Str: 18 (20) XL:     11   Next: 16%
Magic:  35/35      EV:  3    Int: 10 (11) God:    Lugonu [***...]
Gold:   454        SH:  3    Dex: 10 (11) Spells: 10/10 levels left

rFire    + . .     SeeInvis .   g - +9 falchion of Psychosis {flame, *Rage rElec MR+ Str+4}
rCold    + . .     Gourm    .   D - +0 buckler
rNeg     . . .     Faith    .   t - +0 chain mail
rPois    +         Spirit   .   i - +2 hat {MR+}
rElec    +         Reflect  .   e - +0 cloak
rCorr    +         Harm     .   l - +0 pair of gloves
MR       ++...     Rnd*Rage +   b - +0 centaur barding
Stlth    ..........             (no amulet)
HPRegen  0.25/turn              o - ring of magical power
MPRegen  0.24/turn              E - ring of magical power

@: lethally poisoned (-7 -> -67), resistant, slowed
A: large, hooves 3, deformed body, speed 2, tough skin 3
a: Depart the Abyss, Bend Space, Banish, Renounce Religion


You were on level 10 of the Dungeon.
You worshipped Lugonu.
Lugonu was most pleased with you.
You were not hungry.

You visited 1 branch of the dungeon, and saw 10 of its levels.
You visited the Abyss 1 time.
You also visited: Sewer.

You collected 454 gold pieces.

Inventory:

Hand Weapons
 a - a +1 hand axe
 g - the +9 falchion of Psychosis (weapon) {flame, *Rage rElec MR+ Str+4}
   (You found it on level 10 of the Dungeon)

   It has been specially enchanted to burn those struck by it, causing extra
   injury to most foes and up to half again as much damage against particularly
   susceptible opponents.
   Big, fiery blades are also staple armaments of hydra-hunters.
   It affects your strength (+4).
   It insulates you from electricity.
   It affects your resistance to hostile enchantments.
   It may make you go berserk in combat.
 m - a +1 war axe
 w - a +1 falchion of holy wrath
Missiles
 F - 7 tomahawks (quivered)
Armour
 b - a +0 centaur barding (worn)
 e - a +0 cloak (worn)
 i - a +2 hat of magic resistance (worn)
 l - a +0 pair of gloves (worn)
 t - a +0 chain mail (worn)
 D - a +0 buckler (worn)
Jewellery
 o - a ring of magical power (left hand)
 s - the brooch of Shielding {Reflect SH+8}
   (You found it on level 9 of the Dungeon)

   [amulet of reflection]

   It shields you and reflects attacks.
   It affects your SH (+8).
 E - a ring of magical power (right hand)
Wands
 q - a wand of iceblast (7)
 v - a wand of disintegration (18)
 C - a wand of random effects (56)
Scrolls
 d - 2 scrolls of identify
 f - 6 scrolls of teleportation
 n - 2 scrolls of remove curse
 r - a scroll of vulnerability {unknown}
 x - a scroll of blinking
 A - 2 scrolls of fear
Potions
 j - a potion of haste
 k - 4 potions of invisibility
 u - 3 potions of flight
Books
 p - a book of Changes

   Spells                             Type                      Level
   a - Beastly Appendage              Transmutation                1
   b - Sticks to Snakes               Transmutation                2
   c - Spider Form                    Transmutation/Poison         3
   d - Ice Form                       Ice/Transmutation            4
   e - Blade Hands                    Transmutation                5
 z - a book of Alchemy

   Spells                             Type                      Level
   a - Sublimation of Blood           Necromancy                   2
   b - Ignite Poison                  Fire/Transmutation/Poison    3
   c - Petrify                        Transmutation/Earth          4
   d - Alistair's Intoxication        Transmutation/Poison         5
   e - Irradiate                      Conjuration/Transmutation    5
Comestibles
 c - 16 rations
 h - 3 chunks of flesh


   Skills:
 + Level 7.4 Fighting
 + Level 1.4 Long Blades
 + Level 8.7 Axes
 + Level 1.4 Throwing
 * Level 7.7 Armour
 + Level 2.3 Dodging
 + Level 1.1 Shields
 * Level 8.5 Invocations
 + Level 0.3 Evocations


You had 10 spell levels left.
You didn't know any spells.

Dungeon Overview and Level Annotations

Branches:
Dungeon (10/15)            Temple (0/1) D:7
   Lair: D:8-11         Orc: D:9-12

Altars:
Fedhas
Kikubaaqudgha
Makhleb
Sif Muna
Trog
Zin
The Shining One

Annotations:
D:9 Schimscham's ghost, novice DrFE
Abyss:1 Menkaure


Innate Abilities, Weirdness & Mutations

You have hooves in place of feet.
Armour fits poorly on your strangely shaped body.
You cover ground very quickly.
You have extremely tough skin. (AC +3)


Message History

Something hits you.
You see here a poisoned needle.
Unknown command.
You feel protected.
* * * LOW HITPOINT WARNING * * *
You feel extremely sick. Something hits you but does no damage.
Something hits you!
* * * LOW HITPOINT WARNING * * *
The kobold hits you but does no damage.
The kobold unwields an uncursed blowgun.
You block the kobold's attack. The kobold hits you.
* * * LOW HITPOINT WARNING * * *
Unknown command.
You closely miss the kobold. Your kick misses the kobold.
* * * LOW HITPOINT WARNING * * *
You feel extremely sick. Something hits you but does no damage.
The kobold hits you but does no damage. x3
Unknown command.
You closely miss the kobold. Your kick misses the kobold.
You die...

#.....))).....
##.......#...#
##.......#/#.
#.........#..
##...........
####.......#...# #.#
##.##........#.#.
.....###...(....)....#..
.....ZK@(((.............
.....KKK........>..#...#
.....KoK............#.#.
....K................#..
........................
...................#...#
....................#.#.
.>................


You could see a big kobold, an orc, 6 kobolds and a harpy skeleton.

Vanquished Creatures
  Gastronok (D:8)
  A centaur warrior (D:10)
  A two-headed ogre (D:8)
  A deep elf mage (D:10)
  Psyche (D:8)
  Prince Ribbit (D:7)
  A hippogriff (D:10)
  The ghost of maxonian the Stinger, an amateur OpVM (D:4)
  A flying skull (Abyss:2)
  2 water moccasins
  2 sky beasts (D:5)
  Purgy (Sewer)
  A necrophage (D:8)
  An orc warrior (D:6)
  2 ice beasts
  A phantom (D:7)
  6 ogres
  5 centaurs
  6 bullfrogs
  A water moccasin skeleton (D:10)
  4 scorpions
  4 killer bees (D:7)
  4 crimson imps
  A jelly (D:9)
  A quasit (D:5)
  3 bullfrog skeletons
  7 hounds
  5 orc priests
  8 orc wizards
  A gnoll shaman (D:7)
  Crazy Yiuf (D:3)
  Jessica (D:3)
  4 iguanas
  Ijyb (D:3)
  6 worker ants
  2 hound zombies
  3 hound skeletons
  A worker ant zombie (D:7)
  Robin (D:4)
  3 gnolls (D:6)
  16 adders
  5 oozes
  An adder skeleton (D:5)
  4 worms
  2 dart slugs (D:1)
  3 leopard geckos
  35 orcs
  A ball python (D:3)
  8 bats
  9 giant cockroaches
  16 goblins
  10 hobgoblins
  17 jackals
  4 quokkas
  5 frilled lizards
  8 kobolds
  A leopard gecko skeleton (D:4)
  A quokka zombie (D:5)
  9 rats
253 creatures vanquished.

Vanquished Creatures (others)
  A cyclops (D:9)
  The ghost of maxonian the Stinger, a novice OpVM of Sif Muna (D:6)
2 creatures vanquished.

Grand Total: 255 creatures vanquished

Notes
Turn   | Place    | Note
-------+----------+-------------------------------------------
     0 | Abyss:1  | Gargoyl the Centaur Abyssal Knight began the quest for the Orb.
     0 | Abyss:1  | Reached XP level 1. HP: 19/19 MP: 2/2
   102 | Abyss:2  | Found a corrupted altar of Lugonu.
   144 | Abyss:2  | Noticed a flying skull
   147 | Abyss:2  | Killed a flying skull
   147 | Abyss:2  | Reached XP level 2. HP: 27/28 MP: 3/3
   147 | Abyss:2  | Reached XP level 3. HP: 33/34 MP: 4/4
   147 | Abyss:2  | Reached XP level 4. HP: 39/41 MP: 5/5
   147 | Abyss:2  | Reached XP level 5. HP: 45/47 MP: 6/6
   173 | Abyss:2  | Noticed a chaos spawn
   182 | Abyss:2  | Noticed a large abomination
   190 | Abyss:2  | Noticed a large abomination
   195 | D:1      | Escaped the Abyss
   637 | D:1      | Reached * piety under Lugonu
  1411 | D:2      | Reached XP level 6. HP: 32/55 MP: 8/8
  1700 | D:2      | Reached skill level 1 in Dodging
  2602 | D:3      | Reached ** piety under Lugonu
  2914 | D:3      | Noticed Jessica
  2922 | D:3      | Killed Jessica
  3282 | D:3      | Reached skill level 5 in Fighting
  3382 | D:3      | Found an ancient bone altar of Kikubaaqudgha.
  3402 | D:3      | Noticed Ijyb
  3412 | D:3      | Killed Ijyb
  3433 | D:3      | Found a runed door.
  3741 | D:3      | Noticed Crazy Yiuf
  3747 | D:3      | Killed Crazy Yiuf
  3747 | D:3      | Reached XP level 7. HP: 57/61 MP: 9/9
  4402 | D:4      | Noticed maxonian's ghost (amateur OpVM)
  4429 | D:4      | Killed maxonian's ghost
  5309 | D:4      | Reached *** piety under Lugonu
  5601 | D:4      | Noticed Robin
  5616 | D:4      | Killed Robin
  5955 | D:5      | Entered Level 5 of the Dungeon
  5967 | D:5      | Reached XP level 8. HP: 58/69 MP: 11/11
  6155 | D:5      | Reached skill level 5 in Axes
  6267 | D:5      | Found a glowing drain.
  6272 | Sewer    | Entered a sewer
  6411 | Sewer    | Noticed Purgy
  6416 | Sewer    | Killed Purgy
  6683 | D:5      | Reached skill level 5 in Invocations
  6699 | D:5      | Found a deep blue altar of Sif Muna.
  6777 | D:5      | Reached **** piety under Lugonu
  7372 | D:5      | Found a glowing silver altar of Zin.
  7374 | D:5      | Found a bloodstained altar of Trog.
  7374 | D:5      | Found a blossoming altar of Fedhas.
  7553 | D:6      | Reached XP level 9. HP: 70/75 MP: 13/13
  7676 | D:6      | Reached skill level 5 in Armour
  7895 | D:6      | Noticed maxonian's ghost (novice OpVM)
  7911 | D:6      | Banished maxonian's ghost
 10056 | D:7      | Noticed Menkaure
 10677 | D:7      | Banished Menkaure
 10987 | D:7      | Noticed Prince Ribbit
 11000 | D:7      | Killed Prince Ribbit
 11444 | D:7      | Found a staircase to the Ecumenical Temple.
 11940 | D:8      | Reached XP level 10. HP: 81/84 MP: 14/14
 12039 | D:8      | Noticed Psyche
 12044 | D:8      | Paralysed by Psyche for 2 turns
 12063 | D:9      | Found a burning altar of Makhleb.
 12063 | D:9      | Found the +2 cloak of the Thief {+Fog Slay-2 SInv Stlth+}
 12118 | D:9      | Noticed Schimscham's ghost (novice DrFE)
 12133 | D:9      | Noticed a cyclops
 12144 | D:9      | Banished a cyclops
 12154 | D:9      | HP: 3/84 [Schimscham's ghost/fireball (25)]
 12435 | D:9      | Found the brooch of Shielding {Reflect SH+8}
 12525 | D:8      | Killed Psyche
 12977 | D:8      | Noticed Gastronok
 13320 | D:8      | Killed Gastronok
 13320 | D:8      | Reached skill level 1 in Throwing
 13677 | D:9      | Found a glowing golden altar of the Shining One.
 14240 | D:10     | Entered Level 10 of the Dungeon
 14243 | D:10     | Noticed a centaur warrior
 14270 | D:10     | Killed a centaur warrior
 14712 | D:10     | Noticed a two-headed ogre
 14713 | D:10     | Noticed a deep elf mage
 14715 | D:10     | Got an ancient falchion
 14716 | D:10     | Identified the +9 falchion of Psychosis {flame, *Rage rElec MR+ Str+4} (You found it on level 10 of the Dungeon)
 15167 | D:8      | Killed a two-headed ogre
 15167 | D:8      | Reached XP level 11. HP: 31/92 MP: 17/17
 15620 | D:10     | Killed a deep elf mage
 15620 | D:10     | Reached skill level 1 in Long Blades
 15620 | D:10     | Reached skill level 1 in Shields
 15776 | D:10     | HP: 2/92 [poisoned by a kobold]
 15777 | D:10     | Succumbed to a kobold's poison

Skill      XL: |  1  2  3  4  5  6  7  8  9 10 11 |
---------------+----------------------------------+-----
Fighting       | 4 5 6 7 |  7.4
Axes           | 2 3 4 6 7 8 |  8.7
Armour         | 2 3 4 6 7 |  7.7
Invocations    | 3 4 5 6 8 |  8.5
Dodging        | 1 2 |  2.3
Throwing       | 1 |  1.4
Long Blades    | 1 |  1.4
Shields        | 1 |  1.1
Evocations     | |  0.3

Action                   |  1- 3 |  4- 6 |  7- 9 | 10-12 || total
-------------------------+-------+-------+-------+-------++-------
Melee: Hand axe          |       |    65 |       |       ||    65
       Kick              |       |    50 |    96 |    32 ||   178
       War axe           |       |   175 |   469 |   112 ||   756
       Falchion          |       |       |       |    78 ||    78
Throw: Tomahawk          |       |       |    13 |    10 ||    23
Invok: Depart the Abyss  |       |     1 |       |       ||     1
       Banish            |       |       |     2 |     9 ||    11
       Bend Space        |       |       |       |     1 ||     1
Evoke: Wand              |     3 |     2 |     2 |     1 ||     8
  Use: Scroll            |       |     7 |     6 |     4 ||    17
       Potion            |       |       |     4 |    18 ||    22
 Stab: Invisible         |       |       |       |     1 ||     1
  Eat: Chunk             |       |     7 |    12 |     2 ||    21
       Ration            |       |       |     3 |     4 ||     7
Armor: Leather armour    |       |   115 |       |       ||   115
       Chain mail        |       |    32 |   495 |   286 ||   813
       Ring mail         |       |     8 |       |       ||     8
       Skin              |       |       |       |     4 ||     4
Dodge: Dodged            |       |   153 |    97 |    55 ||   305
Block: Buckler           |       |       |     2 |    48 ||    50
       Rpst.: Falchion   |       |       |       |    11 ||    11
